 Dungeon Crawl Stone Soup version 0.30-b1-2-g02819fbbbe (webtiles) character file.

Game seed: 17264688528566596761

2135 ElMinstaer the Grappler (level 9, -9/93 HPs)
             Began as a Troll Fighter on May 20, 2023.
             Was an Initiate of Gozag.
             Mangled by an orc warrior
             ... wielding a +0 war axe
              (20 damage)
             ... on level 6 of the Dungeon.
             The game lasted 00:19:19 (5507 turns).

ElMinstaer the Grappler (Troll Fighter)             Turns: 5507, Time: 00:19:20

Health: -9/93      AC:  4    Str: 28    XL:     9   Next: 9%
Magic:  8/8        EV:  9    Int:  4    God:    Gozag
Gold:   108        SH:  8    Dex: 11    Spells: 8/8 levels left

rFire   + .          .
                       - Unarmed
rCold   + . .        b - +0 kite shield
rNeg    . . .        a - +0 robe
rPois   +            (helmet restricted)
rElec   .            v - scarf {rC+ rF+}
rCorr   .            (gloves unavailable)
SInv    .            (boots unavailable)
Will    .....        (no amulet)
Stlth   +            p - ring of poison resistance
HPRegen 1.15/turn    (no ring)
MPRegen 0.11/turn

%: no passive effects
@: gold aura
A: large, unfitting armour, claws 3, regeneration 1, shaggy fur 1, tough skin 1
a: Renounce Religion, Potion Petition, Call Merchant, Bribe Branch


You were on level 6 of the Dungeon.
You worshipped Gozag.
Gozag was aware of your devotion.
You visited 2 branches of the dungeon, and saw 8 of its levels.

You collected 293 gold pieces.
You spent 76 gold pieces at shops.
You paid 109 gold pieces to Gozag.

Inventory:

Missiles
 r - 11 poisoned darts (quivered)
 s - 3 boomerangs of dispersal
 x - 4 boomerangs
Armour
 a - a +0 robe (worn)
 b - a +0 kite shield (worn)
 u - a +0 cloak
 v - a scarf of resistance (worn)
Jewellery
 f - a +6 ring of intelligence
 p - a ring of poison resistance (left claw)
Wands
 o - a wand of charming (9)
 y - a wand of roots (11)
Scrolls
 d - 2 scrolls of enchant weapon
 h - a scroll of torment {unknown}
 j - 4 scrolls of fog {unknown}
 k - 8 scrolls of teleportation
 l - 2 scrolls of immolation {unknown}
 m - a scroll of brand weapon {unknown}
 n - a scroll of silence
 t - a scroll of vulnerability {unknown}
 w - a scroll of enchant armour {unknown}
 A - a scroll of amnesia {unknown}
Potions
 c - a potion of might
 e - 3 potions of brilliance
 g - 2 potions of heal wounds
 i - 2 potions of flight
 q - 2 potions of haste
 z - 3 potions of curing


   Skills:
 * Level 7.1 Fighting
 + Level 3.5 Dodging
 + Level 4.0 Shields
 - Level 8.0 Unarmed Combat


You had 8 spell levels left.
You didn't know any spells.
Your spell library contained the following spells:

 Spells                   Type           Power      Damage    Failure   Level
 Kiss of Death            Conj/Necr      0%         2d5       73%         1
 Ensorcelled Hibernation  Hex/Ice        0%         N/A       86%         2
 Confusing Touch          Hex            0%         N/A       97%         3
 Hailstorm                Conj/Ice       0%         3d3       97%         3
 Spider Form              Tmut/Pois      0%         N/A       97%         3
 Anguish                  Hex/Necr       0%         N/A       100%        4
 Dispel Undead            Necr           0%         3d6       100%        4
 Ice Form                 Ice/Tmut       0%         N/A       100%        4
 Simulacrum               Ice/Necr       Unusable   N/A       N/A         6

Dungeon Overview and Level Annotations

Branches:
Dungeon (7/15)             Temple (1/1) D:7

Altars:
Ashenzari
Cheibriados
Dithmenos
Elyvilon
Gozag
Hepliaklqana
Kikubaaqudgha
Qazlal
Ru
Trog
Uskayaw
Wu Jian
Xom
Yredelemnul
Zin

Shops:
D:1 *   D:2 ?   D:5 =   D:6 (


Innate Abilities, Weirdness & Mutations

You are too large for most types of armour.
You have claws for hands.
Your natural rate of healing is unusually fast.
You are covered in fur. (AC +1)
You have tough skin. (AC +1)


Message History

The orc wizard hits you with a +0 dagger.
You block the orc's attack.
You climb upwards.
Reactivating autopickup.
There is a stone staircase leading down here.
You claw the orc wizard!
You kill the orc wizard!
The orc barely misses you. Something hits you but does no damage.
Deactivating autopickup; reactivate with Ctrl-A.
The orc warrior hits you with a +0 war axe!
Your Shields skill increases to level 4!
You claw the orc!
You kill the orc!
You hear some strange, mumbled words.
A magic dart appears from out of thin air!
The magic dart hits you.
The orc warrior hits you with a +0 war axe!
You scratch the orc warrior but do no damage.
You block something's attack. You block the orc warrior's attack.
You scratch the orc warrior.
The orc warrior is lightly wounded.
You block something's attack.
The orc warrior hits you with a +0 war axe!
You claw the orc warrior!
The orc warrior is heavily wounded.
Something hits you but does no damage.
The orc warrior hits you with a +0 war axe.
You closely miss the orc warrior.
The orc warrior is heavily wounded.
You scratch the orc warrior.
The orc warrior is severely wounded.
Something hits you.
The orc warrior hits you with a +0 war axe!!
* * * LOW HITPOINT WARNING * * *
You scratch the orc warrior.
The orc warrior is severely wounded.
Something hits you but does no damage.
The orc warrior hits you with a +0 war axe!!
You die...
Your body crumbles into a pile of gold.

......#.......#........#.........
......#.......#........#.........
......#.......#..................
......#.......#..................
..............#..................
####..........#.........รท........
####.....###'##..................
#.......###....$o{...............
..........+....$@####............
#.......###....### #..........<.
#.......# #....# ####.........
#.......# #....# #....[....
#.......# #....# #.........
#.......# #....# #.........
#.......# #....# ##########
######### #....# #
#....##################


You could see an orc warrior.

Vanquished Creatures
  Menkaure (D:5)
  2 ice beasts (D:6)
  2 black bears (D:6)
  An ogre (D:4)
  A sky beast (D:6)
  2 centaurs
  2 phantoms (D:5)
  2 bullfrogs
  Blork the orc (D:6)
  2 scorpions (D:5)
  2 howler monkeys (D:6)
  4 hounds
  2 orc priests
  4 jellies
  A sleepcap (D:6)
  Jessica (D:3)
  An iguana (D:5)
  10 orc wizards
  A gnoll (D:5)
  10 adders
  2 worms
  A dart slug (D:1)
  13 orcs
  2 endoplasms
  5 giant cockroaches
  9 goblins
  10 hobgoblins
  7 kobolds
  4 quokkas
  6 ball pythons
  3 bats
  3 frilled lizards
  6 rats
123 creatures vanquished.

Notes
Turn   | Place    | Note
-------+----------+-------------------------------------------
     0 | D:1      | ElMinstaer the Troll Fighter began the quest for the Orb.
     0 | D:1      | Reached XP level 1. HP: 22/22 MP: 0/0
   323 | D:1      | Reached XP level 2. HP: 29/29 MP: 1/1
   638 | D:1      | Found Zasom's General Store.
   677 | D:1      | Bought a potion of degeneration for 10 gold pieces
   861 | D:2      | Found Ydwaah's Magic Scroll Shoppe.
   872 | D:2      | Reached skill level 3 in Unarmed Combat
   872 | D:2      | Reached XP level 3. HP: 27/36 MP: 2/2
   951 | D:2      | Found a hide-covered altar of Uskayaw.
  1044 | D:2      | Reached XP level 4. HP: 42/45 MP: 3/3
  1155 | D:2      | Reached skill level 4 in Unarmed Combat
  1870 | D:3      | Noticed Jessica
  1921 | D:3      | Reached XP level 5. HP: 36/53 MP: 4/4
  1936 | D:3      | Killed Jessica
  2532 | D:3      | Reached skill level 5 in Unarmed Combat
  2967 | D:2      | Bought 3 scrolls of identify for 66 gold pieces
  3037 | D:4      | Reached XP level 6. HP: 62/62 MP: 5/5
  3346 | D:4      | Reached skill level 6 in Unarmed Combat
  3443 | D:4      | Reached XP level 7. HP: 70/70 MP: 6/6
  3594 | D:5      | Entered Level 5 of the Dungeon
  3637 | D:5      | Noticed Menkaure
  3649 | D:5      | Killed Menkaure
  3650 | D:5      | Reached skill level 7 in Unarmed Combat
  4017 | D:5      | Found Nurragunidgh's Jewellery Emporium.
  4023 | D:5      | Reached skill level 5 in Fighting
  4023 | D:5      | Reached XP level 8. HP: 77/80 MP: 7/7
  4027 | D:5      | Reached skill level 8 in Unarmed Combat
  4656 | D:6      | Found a bloodstained altar of Trog.
  4688 | D:6      | Found Omimacs's Antique Weapon Shoppe.
  4710 | D:6      | Noticed Blork the orc
  4717 | D:6      | Killed Blork the orc
  5193 | D:6      | Reached XP level 9. HP: 93/93 MP: 8/8
  5293 | D:7      | Found a staircase to the Ecumenical Temple.
  5311 | Temple   | Entered the Ecumenical Temple
  5483 | Temple   | Became a worshipper of Gozag Ym Sagoz the Greedy
  5507 | D:6      | Mangled by an orc warrior

Illustrated notes

Levels and vault maps discovered:
D:1:      roderic_dead_forest, layout_basic, serial_shops,
          nicolae_shop_window_shopping
D:2:      layout_loops_cross, serial_shops, nicolae_shop_stone, basic_altar,
          minmay_split_cup_small
D:3:      layout_basic, uniq_jessica
D:4:      layout_rooms, kennysheep_crisscross
D:5:      layout_basic, kennysheep_windowed_goal, uniq_menkaure
D:6:      layout_basic, mainiacjoe_overflow_24_doors, serial_shops, shop,
          uniq_blork_the_orc
D:7:      layout_cave_pools, nicolae_tso_besieged_by_evil, old_standard_altar,
          grunt_temple_overflow_open, minmay_temple_entry_grid, uniq_duvessa
Temple:   hellmonk_temple_forest_ring

Skill      XL: |  1  2  3  4  5  6  7  8  9 |
---------------+----------------------------+-----
Unarmed Combat | 3 4 5 6 7 8 |  8.0
Fighting       | 3 4 5 7 |  7.1
Shields        | 3 4 |  4.0
Dodging        | 3 |  3.5

Action                     |  1- 3 |  4- 6 |  7- 9 || total
---------------------------+-------+-------+-------++-------
  Melee: Unarmed           |    71 |   139 |   132 ||   342
  Throw: Dart              |       |    11 |       ||    11
    Use: Scroll            |       |     7 |     2 ||     9
         Potion            |       |       |     1 ||     1
   Stab: Sleeping          |       |     1 |       ||     1
 Armour: Robe              |    17 |    40 |    26 ||    83
  Dodge: Dodged            |    26 |    47 |    43 ||   116
  Block: Kite shield       |    28 |    41 |    55 ||   124
